 Dungeon Crawl Stone Soup version 0.30-a0-939-gc8157cb160 (webtiles) character file.

Game seed: 14389184996981937365

2468 Jeffwins the Magician (level 9, 0/57 HPs)
             Began as a Human Wanderer on Mar 26, 2023.
             Was an Initiate of Gozag.
             Slain by Menkaure (17 damage)
             ... on level 6 of the Dungeon.
             The game lasted 00:18:35 (7030 turns).

Jeffwins the Magician (Human Wanderer)              Turns: 7030, Time: 00:18:36

Health: 0/57       AC: 11    Str: 17    XL:     9   Next: 80%
Magic:  13/19      EV:  9    Int: 19    God:    Gozag
Gold:   246        SH:  4    Dex:  8    Spells: 12/21 levels left

rFire   . . .      SeeInvis +    b - +0 sling
rCold   . . .      Faith    .    d - +0 buckler
rNeg    . . .      Spirit   .    t - +4 scale mail {Will+}
rPois   .          Reflect  .    (helmet restricted)
rElec   .          Rampage  .    (no cloak)
rCorr   .                        m - +2 pair of gloves
Will    +....                    u - +0 pair of boots Stlth
                                 (no amulet)
HPRegen 0.29/turn                Y - +4 ring of slaying
MPRegen 0.16/turn                (no ring)

@: no status effects
A: horns 1, see invisible, deformed body, screaming 1, strong 1, wild magic 1,
sturdy frame 1
a: Renounce Religion, Potion Petition, Call Merchant, Bribe Branch


You were on level 6 of the Dungeon.
You worshipped Gozag.
Gozag was aware of your devotion.
You visited 2 branches of the dungeon, and saw 7 of its levels.

You collected 467 gold pieces.
You spent 114 gold pieces at shops.
You paid 107 gold pieces to Gozag.


Innate Abilities, Weirdness & Mutations

You have a pair of small horns on your head.
You have supernaturally acute eyesight. (SInv)
Armour fits poorly on your strangely shaped body.
You occasionally shout uncontrollably at your foes.
Your muscles are strong. (Str +4, Int/Dex -1)
Your spells are a little harder to cast, but a little more powerful.
Your movements are slightly less encumbered by armour. (ER -2)


   Skills:
 * Level 4.5 Ranged Weapons
 - Level 1.0 Armour
 + Level 4.2 Shields
 * Level 6.8 Spellcasting
 * Level 4.7 Conjurations
 * Level 5.3 Fire Magic
 * Level 4.8 Ice Magic
 * Level 2.4 Air Magic
 + Level 2.9 Evocations


You had 12 spell levels left.
You knew the following spells:

 Your Spells              Type           Power      Damage    Failure   Level
f - Freezing Cloud        Conj/Ice/Air   14%        6-21      89%         5
z - Foxfire               Conj/Fire      100%       2x1d9     6%          1
X - Frozen Ramparts       Ice            64%        1d10      17%         3

Your spell library contained the following spells:

 Spells                   Type           Power      Damage    Failure   Level
 Freeze                   Ice            100%       1d10      7%          1
 Inner Flame              Hex/Fire       21%        N/A       38%         3
 Flame Wave               Conj/Fire      33%        2d10      45%         4
 Sublimation of Blood     Necr           8%         N/A       50%         2
 Wereblood                Tmut           8%         N/A       50%         2
 Summon Hydra             Summ           4%         N/A       100%        7
 Polar Vortex             Ice            16%        N/A       100%        9
 Simulacrum               Ice/Necr       Unusable   N/A       N/A         6

Inventory:

Hand Weapons
 a - a +1 flail of protection
 b - a +0 sling (weapon)
 l - a +0 arbalest
 s - a +3 flail
Missiles
 n - 5 poisoned darts
Armour
 d - a +0 buckler (worn)
 m - a +2 pair of gloves (worn)
 p - a +2 scale mail of poison resistance
 t - a +4 scale mail of willpower (worn)
 u - a +0 pair of boots (worn)
 B - a +1 robe of fire resistance
Magical Staves
 h - a staff of earth
Jewellery
 Y - a +4 ring of slaying (left hand)
Wands
 q - a wand of charming (3)
 x - a wand of flame (14)
 E - a wand of iceblast (9)
Scrolls
 i - 4 scrolls of blinking
 j - 2 scrolls of enchant weapon
 o - a scroll of magic mapping
 r - 3 scrolls of silence {unknown}
 v - a scroll of fear
 y - a scroll of butterflies
 C - 2 scrolls of enchant armour {unknown}
 D - a scroll of poison {unknown}
Potions
 c - 3 potions of cancellation {unknown}
 e - 2 potions of berserk rage {unknown}
 f - 6 potions of curing {@q1}
 g - 3 potions of attraction {unknown}
 k - 4 potions of might {unknown}
 w - a potion of resistance
 z - a potion of mutation {unknown}
 A - a potion of brilliance {unknown}
 F - a potion of flight {unknown}

Dungeon Overview and Level Annotations

Branches:
Dungeon (6/15)             Temple (1/1) D:5

Altars:
Ashenzari
Dithmenos
Gozag
Kikubaaqudgha
Okawaru
Ru
Sif Muna
Trog
Uskayaw
Wu Jian
Xom
Yredelemnul

Shops:
D:1 *

Annotations:
D:6 3 runed translucent doors, AverageBear's ghost, novice OpFi; Menkaure; math4jedi's ghost, novice MiMo

#.# #. #.# #. #.. #.
##. #. #. #. ### #.
######.## #.. ..
.......v########
#.#### #.s@.......#
#.###
###M######.####...##
#S# #.........# #.#
#.......... #.#
#.######..# #.# #.#
#..# #.# #.# #..#
#.# #.# ####>.# #.#
#.# #......


You could see Menkaure, a scorpion (ally target) and an adder.


Message History

Casting: Foxfire (safe; 6% risk of failure)
Confirm with . or Enter, or press ? or * to list all spells.
You conjure some foxfire!
The foxfire hits Menkaure!
Menkaure is burned terribly!
Menkaure is moderately damaged.
The foxfire hits the scorpion.
The scorpion is heavily wounded.
The foxfire hits the scorpion.
The scorpion is heavily wounded.
Menkaure hits you but does no damage.
Casting: Foxfire (safe; 6% risk of failure)
Confirm with . or Enter, or press ? or * to list all spells.
You conjure some foxfire!
The foxfire hits the scorpion.
The scorpion is severely wounded.
Menkaure calls on the powers of darkness!
The adder convulses!
Your body is wracked with pain!
* * * LOW HITPOINT WARNING * * *
The scorpion convulses!
The scorpion stings you but does no damage.
Casting: Foxfire (safe; 6% risk of failure)
Confirm with . or Enter, or press ? or * to list all spells.
You conjure some foxfire!
The foxfire hits Menkaure but does no damage.
Menkaure is moderately damaged.
The foxfire hits the scorpion.
The scorpion is almost dead.
You block the scorpion's attack. Menkaure hits you!
You die...
Xom thinks this is hilarious!
Your body crumbles into a pile of gold.

Skill      XL: |  1  2  3  4  5  6  7  8  9 |
---------------+----------------------------+-----
Conjurations   | 1 2 3 4 |  4.7
Ice Magic      | 1 2 3 4 |  4.8
Ranged Weapons | 1 2 3 4 |  4.5
Fire Magic     | 3 4 5 |  5.3
Evocations     | 1 2 |  2.9
Shields        | 3 4 |  4.2
Spellcasting   | 6 |  6.8
Air Magic      | 2 |  2.4
Armour         | |  1.0

Action                     |  1- 3 |  4- 6 |  7- 9 || total
---------------------------+-------+-------+-------++-------
  Melee: Club              |     7 |       |       ||     7
         Flail             |     2 |       |       ||     2
   Fire: Sling             |    16 |   157 |   198 ||   371
   Cast: Foxfire           |    65 |    18 |   103 ||   186
         Frozen Ramparts   |       |       |     6 ||     6
 Invoke: Renounce Religion |     1 |       |       ||     1
  Evoke: Wand              |       |     2 |    10 ||    12
    Use: Scroll            |       |     4 |     4 ||     8
         Potion            |       |       |     3 ||     3
 Armour: Robe              |     6 |       |    13 ||    19
         Leather armour    |     3 |    17 |       ||    20
         Scale mail        |       |    57 |   110 ||   167
         Skin              |       |       |    14 ||    14
  Dodge: Dodged            |    25 |    48 |    99 ||   172
  Block: Buckler           |     9 |    24 |    50 ||    83

Levels and vault maps discovered:
D:1:      minmay_arrival_four_loops, layout_basic,
          shapermc_ecumenical_altar_totnotflames, serial_shops,
          nicolae_shop_crystal, hangedman_decor_clover_reticule,
          ebering_dispersal_statue_hall, hex_large
D:2:      layout_loops_ring, minmay_between
D:3:      layout_basic, lemuel_doored_altar, uniq_ijyb, uniq_terence
D:4:      layout_basic, uniq_sigmund, uniq_blork_the_orc, uniq_grinder
D:5:      layout_loops_ring, minmay_temple_entry_waves,
          minmay_gold_behind_fungi, uniq_duvessa, uniq_pikel,
          uniq_prince_ribbit1
D:6:      layout_loops_ring, gammafunk_ghost_cemetery, palyth_stone_intersect,
          uniq_menkaure, uniq_edmund
Temple:   hellmonk_temple_micro_hex

Notes
Turn   | Place    | Note
-------+----------+-------------------------------------------
     0 | D:1      | Jeffwins the Human Wanderer began the quest for the Orb.
     0 | D:1      | Jeffwins set off with the following items: a +0 club, a
                  | potion of heal wounds {@q2}, a +0 robe, a +0 buckler; and
                  | the following spells available to memorise: Foxfire,
                  | Freeze, Inner Flame, Frozen Ramparts, Flame Wave.
     0 | D:1      | Reached XP level 1. HP: 13/13 MP: 6/6
     2 | D:1      | Learned a level 1 spell: Foxfire
   231 | D:1      | Found Ruqir's Assorted Antiques.
   265 | D:1      | Reached XP level 2. HP: 16/19 MP: 0/8
   873 | D:1      | Found a faded altar of an unknown god.
   953 | D:1      | Reached XP level 3. HP: 24/24 MP: 5/9
   969 | D:1      | Prayed at the altar of an unknown god.
   969 | D:1      | Became a worshipper of Xom of Chaos
   970 | D:1      | Fell from the grace of Xom
  1266 | D:2      | Reached skill level 1 in Conjurations
  1272 | D:2      | Reached skill level 1 in Ice Magic
  1349 | D:2      | XOM: give mutations
  1349 | D:2      | Gained mutation: You passively dampen the noise of your
                  | surroundings. [Xom's mischief]
  1349 | D:2      | Gained mutation: You occasionally lose the ability to drink
                  | potions when taking damage. [Xom's mischief]
  1710 | D:2      | Reached XP level 4. HP: 18/30 MP: 4/11
  2204 | D:2      | XOM: give mutations
  2204 | D:2      | Gained mutation: You have a pair of small horns on your
                  | head. [Xom's mischief]
  2204 | D:2      | Lost mutation: You occasionally lose the ability to drink
                  | potions when taking damage. [Xom's mischief]
  2204 | D:2      | Gained mutation: Your spells are a little harder to cast,
                  | but a little more powerful. [Xom's mischief]
  2378 | D:3      | Noticed Ijyb
  2386 | D:3      | Killed Ijyb
  2387 | D:3      | Reached skill level 1 in Ranged Weapons
  2387 | D:3      | Reached XP level 5. HP: 34/35 MP: 4/12
  2456 | D:3      | Found a sacrificial altar of Ru.
  2499 | D:3      | XOM: stat loss: -3 Int (14/17)
  2607 | D:3      | Noticed Terence
  2609 | D:3      | Killed Terence
  2800 | D:3      | XOM: 2-stop teleportation journey
  2909 | D:3      | Learned a level 3 spell: Frozen Ramparts
  2930 | D:3      | XOM: summons 4 hostile shadow creatures
  3245 | D:4      | Noticed Blork the orc
  3246 | D:4      | XOM: chaos cloud
  3253 | D:4      | Killed Blork the orc
  3254 | D:4      | Reached skill level 2 in Conjurations
  3254 | D:4      | Reached skill level 3 in Fire Magic
  3254 | D:4      | Reached skill level 2 in Ice Magic
  3254 | D:4      | Reached XP level 6. HP: 40/41 MP: 12/14
  3328 | D:4      | Noticed a black bear
  3332 | D:4      | XOM: swap monsters
  3339 | D:4      | Killed a black bear
  3340 | D:4      | Reached skill level 1 in Evocations
  3414 | D:4      | Reached skill level 2 in Ranged Weapons
  3414 | D:4      | Reached XP level 7. HP: 39/46 MP: 15/15
  3509 | D:4      | Reached skill level 3 in Shields
  3601 | D:4      | Noticed Sigmund
  3626 | D:4      | Killed Sigmund
  3627 | D:4      | Reached skill level 3 in Ice Magic
  3979 | D:4      | Reached skill level 3 in Conjurations
  4067 | D:4      | Reached XP level 8. HP: 50/52 MP: 16/16
  4093 | D:4      | Noticed Grinder
  4094 | D:4      | Paralysed by Grinder for 4 turns
  4117 | D:4      | Killed Grinder
  4118 | D:4      | Reached skill level 3 in Ranged Weapons
  4118 | D:4      | Reached skill level 6 in Spellcasting
  4118 | D:4      | Reached skill level 4 in Fire Magic
  4118 | D:4      | Reached skill level 2 in Evocations
  4243 | D:4      | XOM: give mutations
  4243 | D:4      | Gained mutation: Armour fits poorly on your strangely
                  | shaped body. [Xom's mischief]
  4243 | D:4      | Gained mutation: Your movements are slightly less
                  | encumbered by armour. (ER -2) [Xom's mischief]
  4243 | D:4      | Lost mutation: You passively dampen the noise of your
                  | surroundings. [Xom's mischief]
  4359 | D:4      | XOM: scenery: 1 doors close
  4573 | D:5      | Entered Level 5 of the Dungeon
  4617 | D:5      | Noticed Prince Ribbit
  4624 | D:5      | Noticed Pikel
  4929 | D:5      | Learned a level 5 spell: Freezing Cloud
  4938 | D:5      | Found a staircase to the Ecumenical Temple.
  4965 | Temple   | Entered the Ecumenical Temple
  4970 | Temple   | Became a worshipper of Gozag Ym Sagoz the Greedy
  5173 | D:5      | Killed Prince Ribbit
  5174 | D:5      | Reached skill level 4 in Conjurations
  5174 | D:5      | Reached skill level 4 in Ice Magic
  5174 | D:5      | Reached XP level 9. HP: 50/57 MP: 5/18
  5552 | D:5      | Noticed Dowan
  5552 | D:5      | Noticed Duvessa
  5566 | D:5      | XOM: enchant monster (bad)
  5743 | D:5      | Reached skill level 1 in Air Magic
  5783 | D:5      | XOM: stat loss: -2 Int (18/20)
  5810 | D:5      | XOM: swap monsters
  5832 | D:5      | Killed Dowan
  5840 | D:5      | Killed Duvessa
  5841 | D:5      | Reached skill level 4 in Ranged Weapons
  6019 | D:5      | Killed Pikel
  6020 | D:5      | Reached skill level 4 in Shields
  6020 | D:5      | Reached skill level 5 in Fire Magic
  6020 | D:5      | Reached skill level 2 in Air Magic
  6435 | D:1      | Bought a dark potion for 21 gold pieces
  6435 | D:1      | Bought an emerald potion for 21 gold pieces
  6435 | D:1      | Bought a scroll labelled YDDUESTRUCSA for 24 gold pieces
  6435 | D:1      | Bought a scroll of identify for 48 gold pieces
  6530 | D:6      | Noticed Edmund
  6544 | D:5      | Killed Edmund
  6599 | D:5      | XOM: torment (24/57 hp)
  6802 | D:6      | XOM: give mutations
  6802 | D:6      | Gained mutation: Your muscles are strong. (Str +4, Int/Dex
                  | -1) [Xom's mischief]
  6802 | D:6      | Gained mutation: You have supernaturally acute eyesight.
                  | (SInv) [Xom's mischief]
  6802 | D:6      | Gained mutation: You occasionally shout uncontrollably at
                  | your foes. [Xom's mischief]
  6969 | D:6      | Found a runed translucent gate.
  6970 | D:6      | Found a runed translucent gate.
  6970 | D:6      | Found a runed translucent gate.
  6972 | D:6      | Noticed math4jedi's ghost (novice MiMo)
  6972 | D:6      | Noticed AverageBear's ghost (novice OpFi)
  7021 | D:6      | Noticed Menkaure
  7030 | D:6      | Slain by Menkaure

Vanquished Creatures
  Pikel (D:5)
  Grinder (D:4)
  Sigmund (D:4)
  Prince Ribbit (D:5)
  Edmund (D:5)
  A water moccasin (D:6)
  Duvessa (D:5)
  2 black bears
  An ice beast (D:5)
  4 lemures (D:5)
  2 phantoms
  Blork the orc (D:4)
  A bullfrog (D:5)
  Dowan (D:5)
  3 jellies
  3 hounds
  A sleepcap (D:5)
  Terence (D:3)
  Ijyb (D:3)
  4 orc wizards (D:4)
  3 gnolls (D:5)
  5 adders
  A shadow imp (D:6)
  2 white imps
  An ufetubus (D:5)
  6 worms
  5 dart slugs
  11 orcs
  6 bats
  6 endoplasms
  3 giant cockroaches
  7 goblins
  3 hobgoblins (D:4)
  11 jackals
  A quokka (D:3)
  9 ball pythons
  3 frilled lizards
  5 kobolds
  3 rats (D:3)
123 creatures vanquished.

Vanquished Creatures (collateral kills)
  A foxfire (D:5)
1 creature vanquished.

Vanquished Creatures (others)
  An adder (D:5)
  309 foxfires
  11 fungi (D:5)
  5 toadstools (D:5)
  A withered plant (D:6)
327 creatures vanquished.

Grand Total: 451 creatures vanquished

Table legend: (Time is in decaauts)
 A = Elapsed time spent in this place.
 B = Non-inter-level travel time spent in this place.
 C = Inter-level travel time spent in this place.
 D = Time resting spent in this place.
 E = Time spent auto-exploring this place.
 F = Levels seen in this place.
 G = Mean time per level.
                   A        B        C        D        E       F      G
               +--------+--------+--------+--------+--------+-----+--------+
         Total |   7206 |   6658 |    548 |    466 |   4828 |   7 | 1029.4 |
       Dungeon |   7196 |   6652 |    544 |    466 |   4828 |   6 | 1199.3 |
        Temple |     10 |      6 |      4 |      0 |      0 |   1 |   10.0 |
               +--------+--------+--------+--------+--------+-----+--------+

Top non-repeatable levels by time:
     D:5: 1690 daAuts
     D:4: 1610 daAuts
     D:1: 1255 daAuts
     D:2: 1194 daAuts
     D:3: 943 daAuts
     D:6: 500 daAuts
  Temple: 10 daAuts

Table legend:
 A = Non-vault XP
 B = Vault XP
 C = Vault XP percentage of total XP
 D = Non-vault monster count
 E = Vault monster count
 F = Vault count percentage of total count
                 A         B        C        D         E       F
            +---------+---------+-------+---------+---------+-------
      Total |    1577 |    1949 |  55.3 |     103 |      16 |  13.4
            +---------+---------+-------+---------+---------+-------
        D:1 |      31 |       0 |   0.0 |      17 |       0 |   0.0
        D:2 |      52 |      19 |  26.8 |      15 |       6 |  28.6
        D:3 |      55 |      71 |  56.3 |      19 |       2 |   9.5
        D:4 |     463 |     614 |  57.0 |      27 |       3 |  10.0
        D:5 |     679 |    1245 |  64.7 |      20 |       5 |  20.0
        D:6 |     297 |       0 |   0.0 |       5 |       0 |   0.0
            +---------+---------+-------+---------+---------+-------
